 Dungeon Crawl Stone Soup version 0.30-a0-585-g93115170b9 (webtiles) character file.

Game seed: 8303040387899328824

58 karrick the Ducker (level 3, 0/28 HPs)
             Began as a Vampire Gladiator on Jan 1, 2023.
             Succumbed to a gnoll's poison
             ... on level 2 of the Dungeon.
             The game lasted 00:01:24 (867 turns).

karrick the Ducker (Vampire Gladiator)               Turns: 867, Time: 00:01:25

Health: 0/28       AC:  4    Str: 13    XL:     3   Next: 75%
Magic:  3/3        EV: 13    Int: 10    God:
Gold:   80         SH:  0    Dex: 17    Spells: 2/2 levels left

rFire   . . .      SeeInvis +    a - +0 war axe
rCold   . . .      Faith    .    (no shield)
rNeg    . . .      Spirit   .    b - +0 leather armour
rPois   .          Reflect  .    c - +0 helmet
rElec   .          Harm     .    (no cloak)
rCorr   .          Rampage  .    (no gloves)
Will    .....                    (no boots)
Stlth   +                        (no amulet)
HPRegen 0.44/turn                (no ring)
MPRegen 0.08/turn                (no ring)

@: lethally poisoned (0 -> -2), healing quickly, hasted, very quick
A: alive, fangs 3, see invisible, vampiric 2
a: Exsanguinate


You were on level 2 of the Dungeon.
You visited 1 branch of the dungeon, and saw 2 of its levels.

You collected 80 gold pieces.

Inventory:

Hand Weapons
 a - a +0 war axe (weapon)
Missiles
 d - 3 throwing nets (quivered)
 e - 7 javelins
Armour
 b - a +0 leather armour (worn)
 c - a +0 helmet (worn)
Scrolls
 f - 2 scrolls of poison {unknown}
 g - a scroll of enchant armour {unknown}
 h - a scroll of torment {unknown}
 j - a scroll of silence {unknown}
 m - a scroll of identify {unknown}
 n - a scroll of acquirement {unknown}
 o - a scroll of immolation {unknown}
Potions
 k - 2 potions of haste
 l - a potion of brilliance {unknown}


   Skills:
 + Level 2.3 Fighting
 + Level 3.3 Axes
 + Level 1.6 Throwing
 + Level 0.9 Armour
 + Level 3.8 Dodging


You had 2 spell levels left.
You didn't know any spells.
Your spell library was empty.

Dungeon Overview and Level Annotations

Branches:
Dungeon (2/15)

Altars:


Innate Abilities, Weirdness & Mutations

Your natural rate of healing is accelerated.
You have razor-sharp teeth.
You have supernaturally acute eyesight. (SInv)
You are afflicted with vampirism and can become a bat while bloodless.


Message History

The gnoll is severely wounded.
The gnoll barely misses you.
You hit the gnoll.
The gnoll is almost dead.
The gnoll hits you with a +0 halberd!
* * * LOW HITPOINT WARNING * * *
You hit the gnoll.
You kill the gnoll!
You hit the gnoll but do no damage. The gnoll misses you.
The gnoll hits you with a +0 club.
* * * LOW HITPOINT WARNING * * *
You are too injured to fight recklessly!
Okay, then.
You feel better.
You hit the gnoll.
The gnoll is lightly wounded.
The gnoll hits you from afar with a +2 spear of venom.
You are poisoned.
The gnoll barely misses you.
You barely miss the gnoll.
The gnoll is lightly wounded.
You feel very sick. The gnoll closely misses you.
The gnoll hits you with a +0 club.
* * * LOW HITPOINT WARNING * * *
You closely miss the gnoll.
The gnoll is lightly wounded.
You feel sick. The gnoll closely misses you. The gnoll barely misses you.
You completely miss the gnoll.
The gnoll is lightly wounded.
You feel sick. The gnoll misses you. The gnoll barely misses you.
You hit the gnoll.
The gnoll is moderately wounded.
You feel sick. The gnoll closely misses you.
The gnoll hits you from afar with a +2 spear of venom.
* * * LOW HITPOINT WARNING * * *
* * * LOW HITPOINT WARNING * * *
You feel sick.
* * * LOW HITPOINT WARNING * * *
You feel sick.
You die...

........# #.#######
.....[..# #.#
.......^######.#
..........†.>#.#######.#
........####.#.........#
........# #.###...######
........# #.............
#######.####.###...#######
#..@................
#.####.##...##.#####
#g#.....†#.#(#)#
#)#......#.#.#.#
#g#...[..#.#.#.#
#.#........##..#
#.####+#.......# #.#
##.....## #.### #######


There were no monsters in sight!

Vanquished Creatures
  2 gnolls (D:2)
  2 dart slugs (D:1)
  7 ball pythons
  A bat (D:1)
  3 endoplasms (D:1)
  2 goblins
  4 hobgoblins (D:1)
  3 kobolds (D:1)
  3 quokkas (D:1)
  5 rats
32 creatures vanquished.

Notes
Turn   | Place    | Note
-------+----------+-------------------------------------------
     0 | D:1      | karrick the Vampire Gladiator began the quest for the Orb.
     0 | D:1      | Reached XP level 1. HP: 16/16 MP: 1/1
   104 | D:1      | Reached XP level 2. HP: 10/22 MP: 2/2
   420 | D:1      | Gained mutation: You are afflicted with vampirism and can
                  | become a bat while bloodless. [Vampire growth]
   420 | D:1      | Reached XP level 3. HP: 24/27 MP: 3/3
   864 | D:2      | HP: 1/28 [poisoned by a gnoll]
   867 | D:2      | Succumbed to a gnoll's poison

Illustrated notes

Levels and vault maps discovered:
D:1:      dpeg_arrival_chambers_temple_mockup, layout_basic
D:2:      layout_basic, minmay_pentomino_q2

Skill      XL: |  1  2 |
---------------+-------+-----
Axes           | 3 |  3.3
Fighting       | 2 |  2.3
Throwing       | |  1.6
Armour         | |  0.9
Dodging        | |  3.8

Action                   || total
-------------------------++-------
Melee: War axe           ||    80
       Bite              ||     7
       Punch             ||     1
  Use: Potion            ||     3
Armor: Leather armour    ||    17
Dodge: Dodged            ||    74

Table legend: (Time is in decaauts)
 A = Elapsed time spent in this place.
 B = Non-inter-level travel time spent in this place.
 C = Inter-level travel time spent in this place.
 D = Time resting spent in this place.
 E = Time spent auto-exploring this place.
 F = Levels seen in this place.
 G = Mean time per level.
                   A        B        C        D        E       F      G
               +--------+--------+--------+--------+--------+-----+--------+
         Total |    886 |    861 |     25 |      0 |    647 |   2 |  443.0 |
       Dungeon |    886 |    861 |     25 |      0 |    647 |   2 |  443.0 |
               +--------+--------+--------+--------+--------+-----+--------+

Top non-repeatable levels by time:
     D:1: 718 daAuts
     D:2: 167 daAuts
